Description

In the current meta of LotV i face these roach-ravager pushes, nydus-allins and so on. I guess many have problems with this kind of openings. Therefore i looked for some build order which is good in defense as well as in the offense.

And thats what i got: Hellbats and Ghost supported by Medivacs

Replay - Dziurdziol v Einstein - Lerilakgipfel

Build Order

Get SALT Encoding   

  12  0:01  SCV  
  13  0:13  SCV  
  14  0:17  Supply Depot  
  14  0:25  SCV  
  15  0:39  Barracks, SCV  
  16  0:51  SCV, Refinery  
  17  1:03  SCV  
  18  1:15  SCV  
  19  1:27  Orbital Command  
  19  1:35  Reaper  
  20  1:48  Command Center  
  20  1:55  SCV  
  21  2:12  Factory  
  21  2:17  SCV  
  21  2:19  Refinery  
  22  2:24  Supply Depot  
  22  2:30  Barracks Reactor  
  22  3:06  Ghost Academy  
  22  3:07  SCV  
  23  3:14  Orbital Command  
  23  3:18  Hellion x2  
  23  3:19  SCV  
  28  3:23  Barracks Tech Lab  
  28  3:32  SCV  
  29  3:37  Armory  
  29  3:40  Hellion x2  
  33  3:42  Ghost  
  33  3:45  SCV x2  
  37  3:56  Starport  
  37  3:57  SCV x2  
  38  4:12  Hellion x2  
  38  4:15  SCV x2  
  44  4:25  Ghost, Supply Depot  
  46  4:46  Supply Depot  
  46  4:47  Hellion x2, Medivac, SCV  
  53  4:58  Ghost  
  55  5:01  Refinery  
  55  5:09  Hellion  
  57  5:17  Medivac  
  57  5:19  SCV  
  57  5:20  SCV  
  61  5:33  SCV x2, Engineering Bay  
  63  5:39  Hellion x2  
  63  5:40  Ghost  
Spawning Tool Build Advisor. Get it on Overwolf

Analysis

Around 5:20 you can decide whether to attack with 8-10 Hellbats + 2-3 Ghosts + 1-2 Medivac(s) or defend any aggression if scouted.

Advantage: Hellbats tank Roaches and Speedlings, Ghosts can snipe Roaches and Queens.

Attention when Zerg is going early Mutas!

While you push: Add 3rd CC, more factories/starports and go for Hellbat, Tank, Liberator Surviving Ghosts can be used later for nukes or Vipers (EMP or snipe).

I have a good winrate right now: nearly 90%. I know i am only Gold, but maybe this will work in higher leagues as well. And if not, other players can use this build order.

Go to:

Details

  • Created by: Einstein24
  • Published on: Dec 10, 2015
  • Modified on: Dec 10, 2015
  • Patch: Pre-3.8.0
Show
View Real Time Build Order
Export as new Build Order

Comments (0)

There are no comments. Be the first!

Create an account to comment!